 Dungeon Crawl Stone Soup version 0.21-a0-49-g7bf2ba4 (webtiles) character file.

3551 roguesci the Changer (level 10, -8/53 HPs)
             Began as a Vine Stalker Transmuter on June 9, 2017.
             Was an Initiate of Makhleb.
             Mangled by a two-headed ogre
             ... wielding a +0 giant club
              (16 damage)
             ... on level 8 of the Dungeon.
             The game lasted 00:36:29 (10209 turns).

roguesci the Changer (Vine Stalker Transmuter)     Turns: 10209, Time: 00:36:30

Health: -8/53      AC:  2    Str: 14    XL:     10   Next: 9%
Magic:  0/18       EV: 24    Int: 23    God:    Makhleb [......]
Gold:   389        SH:  0    Dex: 19    Spells: 15/18 levels left

rFire    . . .     SeeInvis .     - Unarmed
rCold    . . .     Gourm    .   (shield currently unavailable)
rNeg     . . .     Faith    .   (armour currently unavailable)
rPois    x         Spirit   +   (helmet currently unavailable)
rElec    .         Reflect  .   (cloak currently unavailable)
rCorr    .         Harm     .   (gloves currently unavailable)
MR       .....                  (boots currently unavailable)
Stlth    +++.......             (no amulet)
Regen    0.6/turn               v - +4 ring of intelligence
MPRegen  0.2/turn               x - +3 ring of intelligence

@: spider-form, vulnerable
A: regeneration 1, magic shield, no potion heal 3, rot immunity
a: End Transformation, Renounce Religion


You were on level 8 of the Dungeon.
You worshipped Makhleb.
Makhleb was noncommittal.
You were not hungry.
You were a venomous arachnid creature.
You visited 2 branches of the dungeon, and saw 9 of its levels.
You also visited: Sewer.

You collected 389 gold pieces.

Inventory:

Hand Weapons
 J - the +10 dagger "Etokhluneb" (melded) {pierce, MR+ SInv}
   (You found it on level 7 of the Dungeon)

   It inflicts extra damage upon your enemies.
   It affects your resistance to hostile enchantments.
   It lets you see invisible.
Missiles
 i - 563 stones (quivered)
Armour
 b - a +0 robe (melded)
 f - a scarf of cloud immunity
 j - a +0 hat (melded)
 y - a +0 cloak (melded)
Jewellery
 v - a +4 ring of intelligence (left front leg)
 x - a +3 ring of intelligence (right front leg)
 D - an uncursed ring of magical power {unknown}
 F - an uncursed ring of flight
 G - an uncursed ring of protection from fire
Wands
 q - a wand of confusion (15/48)
 u - a wand of acid (8/15)
 w - a wand of random effects (32/48)
 E - a wand of confusion (30/48)
Scrolls
 a - a scroll of remove curse
 e - a scroll of recharging
 k - a scroll of identify
 l - 2 scrolls of vulnerability
 m - a scroll of fog
 n - a scroll of magic mapping
 o - 3 scrolls of amnesia
Potions
 h - 4 potions of curing
 p - 3 potions of brilliance
 s - 2 potions of heal wounds
 t - 4 potions of flight
 z - a potion of mutation
 A - 3 potions of magic
 B - a potion of haste {unknown}
 C - a potion of might
Books
 c - a book of Changes

   Spells                             Type                      Level
   a - Beastly Appendage              Transmutation                1
   b - Sticks to Snakes               Transmutation                2
   c - Spider Form                    Transmutation/Poison         3
   d - Ice Form                       Ice/Transmutation            4
   e - Blade Hands                    Transmutation                5
Comestibles
 d - 5 bread rations
 g - 2 royal jellies
 r - 2 meat rations


   Skills:
 * Level 5.8 Fighting
 * Level 5.3 Dodging
 + Level 5.4 Stealth
 + Level 5.4 Unarmed Combat
 + Level 4.9 Spellcasting
 * Level 6.8 Transmutations
 + Level 4.1 Poison Magic


You had 15 spell levels left.
You knew the following spells:

 Your Spells              Type           Power        Failure   Level  Hunger
b - Spider Form           Tmut/Pois      ####......   11%         3    ##.....


Dungeon Overview and Level Annotations

Branches:
Dungeon (8/15)             Temple (1/1) D:6
   Lair: D:8-11

Altars:
Ashenzari
Cheibriados
Dithmenos
Elyvilon
Fedhas
Gozag
Hepliaklqana
Kikubaaqudgha
Makhleb
Nemelex Xobeh
Okawaru
Qazlal
Ru
Sif Muna
Trog
Uskayaw
Vehumet
Wu Jian
Xom
Yredelemnul
Zin

Annotations:
D:5 exclusion: oklob plant


Innate Abilities, Weirdness & Mutations

((You have razor-sharp teeth.))
Your natural rate of healing is unusually fast.
When hurt, damage is shared between your health and your magic reserves.
((Your bite disrupts and absorbs the magic of your enemies.))
Potions cannot restore your health.
You are immune to rotting.


Message History

A gnoll sergeant comes into view. It is wielding a spear.
You hit the two-headed ogre. Your bite misses the two-headed ogre.
The two-headed ogre is lightly wounded.
The two-headed ogre closely misses you. The two-headed ogre misses you.
You puncture the two-headed ogre!
The two-headed ogre is moderately wounded.
The two-headed ogre closely misses you.
The two-headed ogre completely misses you.
You puncture the two-headed ogre! You bite the two-headed ogre.
You drain its power.
You feel invigorated.
The two-headed ogre is heavily wounded.
Casting: Spider Form
Confirm with . or Enter, or press ? or * to list all spells.
You turn into a venomous arachnid creature.
The +10 dagger "Etokhluneb" {pierce, MR+ SInv} melds into your body.
Your +0 cloak melds into your body.
Your +0 hat melds into your body.
Your +0 robe melds into your body.
The two-headed ogre completely misses you.
The two-headed ogre hits you with a giant club!
You die...

# ##### .. ...# ...
$.. .... #§# #####
#..##§#####..g..g
#...§§§§Os..#
##.##§####### #.##§#
#.## #.##.#
#.##.####.##.#
.............#######
#.# #..............
#.## ####.##########
...# #.#


You could see a two-headed ogre, a gnoll sergeant (sleeping) and a gnoll.

Vanquished Creatures
  A two-headed ogre (D:6)
  Pikel (D:5)
  The ghost of anet the Magician, a novice DEWz (D:6)
  Sigmund (D:5)
  A hungry ghost (D:7)
  Menkaure (D:7)
  A water moccasin (D:6)
  The ghost of Duffy the Conjurer, an amateur DEFE (Sewer)
  An orc warrior (D:6)
  An ice beast (D:7)
  3 slaves (D:5)
  A centaur (D:5)
  4 big kobolds
  2 bullfrogs
  A scorpion (D:5)
  A howler monkey (D:6)
  A crimson imp (D:7)
  Crazy Yiuf (D:4)
  4 hounds
  3 orc priests
  An orc wizard (D:4)
  Jessica (D:3)
  A bullfrog skeleton (D:5)
  3 iguanas
  2 worker ants
  2 worker ant zombies (D:5)
  Robin (D:3)
  A howler monkey skeleton (D:5)
  7 gnolls
  9 adders
  A shadow imp (D:7)
  An adder skeleton (D:4)
  An adder zombie (D:6)
  2 worms
  3 dart slugs
  4 leopard geckos
  20 orcs
  2 ball pythons (Sewer)
  4 bats
  11 giant cockroaches
  14 goblins
  17 hobgoblins
  6 jackals (Sewer)
  A quokka (D:3)
  7 frilled lizards
  59 kobolds
  A leopard gecko skeleton (D:5)
  A leopard gecko zombie (D:7)
  A quokka skeleton (D:4)
  6 rats
  A plant (Sewer)
222 creatures vanquished.

Notes
Turn   | Place    | Note
-------+----------+-------------------------------------------
     0 | D:1      | roguesci the Vine Stalker Transmuter began the quest for the Orb.
     0 | D:1      | Reached XP level 1. HP: 9/9 MP: 4/4
    54 | D:1      | Reached skill level 1 in Fighting
   316 | D:1      | Reached XP level 2. HP: 14/14 MP: 6/6
   389 | D:1      | Reached skill level 1 in Stealth
   548 | D:1      | Found a snail-covered altar of Cheibriados.
   663 | D:1      | Reached XP level 3. HP: 16/18 MP: 7/7
   668 | D:1      | Learned a level 3 spell: Spider Form
  1158 | D:2      | Found a stormy altar of Qazlal.
  1774 | D:2      | Found a shattered altar of Ashenzari.
  1994 | D:3      | Noticed Robin
  1997 | D:3      | Killed Robin
  1997 | D:3      | Gained mutation: Your natural rate of healing is unusually fast. [Vine Stalker growth]
  1997 | D:3      | Reached XP level 4. HP: 15/22 MP: 3/8
  2185 | D:3      | Reached skill level 1 in Poison Magic
  2255 | D:3      | Found a hide-covered altar of Uskayaw.
  2666 | D:3      | Reached XP level 5. HP: 23/26 MP: 6/10
  2989 | D:3      | Reached skill level 3 in Transmutations
  3158 | D:3      | Noticed Jessica
  3167 | D:3      | Killed Jessica
  3448 | D:3      | Noticed a big kobold
  3448 | D:3      | Noticed a big kobold
  3585 | D:2      | Reached XP level 6. HP: 20/31 MP: 4/11
  4451 | D:4      | Reached XP level 7. HP: 35/35 MP: 8/12
  4623 | D:4      | You fall through a shaft!
  4623 | D:5      | Entered Level 5 of the Dungeon
  4890 | D:4      | Found a runed door.
  4895 | D:4      | Noticed Crazy Yiuf
  4904 | D:4      | Killed Crazy Yiuf
  4904 | D:4      | Reached skill level 4 in Transmutations
  5174 | D:5      | Found a glowing drain.
  5200 | Sewer    | Entered a sewer
  5535 | Sewer    | Noticed Duffy's ghost (amateur DEFE)
  5566 | Sewer    | Killed Duffy's ghost
  6073 | D:5      | Noticed Pikel
  6096 | D:5      | Killed Pikel
  6096 | D:5      | Reached skill level 5 in Transmutations
  6096 | D:5      | Gained mutation: You have razor-sharp teeth. [Vine Stalker growth]
  6096 | D:5      | Reached XP level 8. HP: 21/42 MP: 3/14
  6494 | D:5      | Found a blossoming altar of Fedhas.
  6530 | D:5      | Noticed an oklob plant
  6857 | D:5      | Noticed Sigmund
  6871 | D:5      | Killed Sigmund
  7122 | D:6      | Noticed anet's ghost (novice DEWz)
  7275 | D:6      | Found a staircase to the Ecumenical Temple.
  7281 | Temple   | Entered the Ecumenical Temple
  7343 | Temple   | Became a worshipper of Makhleb the Destroyer
  7649 | D:5      | Reached XP level 9. HP: 43/46 MP: 13/16
  7919 | D:6      | Noticed a two-headed ogre
  8058 | D:6      | Killed a two-headed ogre
  8058 | D:6      | Reached skill level 5 in Fighting
  8058 | D:6      | Reached skill level 6 in Transmutations
  8225 | D:6      | Reached skill level 5 in Unarmed Combat
  9065 | D:6      | Killed anet's ghost
  9065 | D:6      | Reached skill level 5 in Dodging
  9065 | D:6      | Reached skill level 5 in Stealth
  9264 | D:7      | Noticed Menkaure
  9286 | D:7      | Killed Menkaure
  9354 | D:7      | Found a bloodstained altar of Trog.
  9386 | D:7      | Reached XP level 10. HP: 50/53 MP: 18/18
  9524 | D:7      | Got a brightly glowing dagger
  9525 | D:7      | Identified the +10 dagger "Etokhluneb" {pierce, MR+ SInv} (You found it on level 7 of the Dungeon)
 10192 | D:8      | Noticed a two-headed ogre
 10209 | D:8      | Mangled by a two-headed ogre

Vault maps used:
D:1:      lightli_arrival_chessboard, minmay_misc_feat_more_columns,
          cheibriados_altar_1
D:2:      evilmike_ruin_ashenzari, nicolae_qazlal_eye_of_the_storm,
          grunt_decor_arrowhead
D:3:      minmay_goblin_kobold_castle, marbit_many_paths, uniq_jessica,
          uniq_robin
D:4:      uniq_crazy_yiuf_cottage
D:5:      tgw_fedhas, first_bread, portal_sewer_entry_f, uniq_sigmund,
          uniq_pikel
D:6:      minmay_temple_entry_enclosed_plants
D:7:      old_standard_altar, uniq_menkaure
D:8:      hangedman_ranch
Temple:   nicolae_temple_x_marks_the_god
Sewer:    sewer_co_scattered_pipes

Skill      XL: |  1  2  3  4  5  6  7  8  9 |
---------------+----------------------------+-----
Fighting       | 1 2 4 5 |  5.8
Stealth        | 1 2 3 4 5 |  5.4
Dodging        | 2 3 4 5 |  5.3
Poison Magic   | 1 2 3 4 |  4.1
Transmutations | 3 5 6 |  6.8
Spellcasting   | 3 4 |  4.9
Unarmed Combat | 4 5 |  5.4

Action                   |  1- 3 |  4- 6 |  7- 9 | 10-12 || total
-------------------------+-------+-------+-------+-------++-------
Melee: Unarmed           |   101 |   161 |   219 |    10 ||   491
       Bite              |    19 |    28 |    28 |     7 ||    82
       Punch             |     4 |     3 |     6 |       ||    13
       Kick              |     1 |       |       |       ||     1
       Dagger            |       |    99 |   102 |    14 ||   215
       Whip              |       |       |    78 |     8 ||    86
Throw: Stone             |       |     2 |     3 |     1 ||     6
 Cast: Beastly Appendage |     1 |       |       |       ||     1
       Spider Form       |     2 |    18 |    33 |     2 ||    55
 Abil: End Transformatio |       |     1 |     1 |       ||     2
  Use: Potion            |     6 |       |     1 |       ||     7
       Scroll            |       |       |    14 |     5 ||    19
 Stab: Sleeping          |     1 |     2 |     7 |     2 ||    12
       Distracted        |       |       |     1 |       ||     1
  Eat: Chunk             |     3 |     7 |    15 |     1 ||    26
       Fruit             |       |     4 |     1 |       ||     5
       Royal jelly       |       |       |     3 |     2 ||     5
Armor: Robe              |    14 |    18 |    24 |     1 ||    57
       Skin              |     1 |     4 |     9 |       ||    14
Dodge: Dodged            |    70 |   209 |   330 |    27 ||   636
